 Dungeon Crawl Stone Soup version bcrawl-1.36.5b (webtiles) character file.

Game seed: 10091398706779891113

551666 Turbognida the Black Belt (level 17, -40/164 HPs)
             Began as a Merfolk Ice Elementalist on Aug 31, 2022.
             Was a High Priest of Ashenzari.
             Killed from afar by a crystal guardian (70 damage)
             ... with a crystal bolt
             ... in the Desolation of Salt.
             The game lasted 01:08:50 (25723 turns).

Turbognida the Black Belt (MfIE)                   Turns: 25723, Time: 01:08:50

Health: -40/164    AC: 14    Str: 11    XL:     17   Next: 18%
Magic:  19/30      EV: 32    Int: 16    God:    Ashenzari [*****.]
Gold:   1299       SH:  0    Dex: 24    Spells: 3/34 levels left

rFire    x x .     GDR:     44%   - Ice fists (freeze) (36.6)
rCold    + + +     SeeInvis +   (shield currently unavailable)
rNeg     . . .     Gourm    .   (armour currently unavailable)
rPois    +         Faith    .   (helmet currently unavailable)
rElec    +         Spirit   .   r - +2 cloak (curse)
rCorr    .         Reflect  .   (gloves currently unavailable)
MR       +....     Clarity  +   (boots currently unavailable)
Stlth    ++++++....             o - amulet of Vision {SInv *Curse} (curse)
HPRegen  0.37/turn              a - ring of Bodily Harmony {Ice Slay+2}
MPRegen  0.22/turn              N - ring "Fommit" {rElec Dex+5} (curse)

@: ice-form, vulnerable, studying Armour
A: large, (change form in water), (swift swim), (stealthy swim), wild magic 1,
MP-powered wands
a: End Transformation, Curse Item, Scrying, Transfer Knowledge, Renounce
Religion


You were in the Desolation of Salt.
You worshipped Ashenzari.
Ashenzari was extremely pleased with you.
You were hungry.
You were a creature of crystalline ice.
You visited 4 branches of the dungeon, and saw 20 of its levels.
You also visited: Ice Cave and Desolation.

You collected 3063 gold pieces.
You spent 1764 gold pieces at shops.

Inventory:

Hand Weapons
 g - a cursed +6 spear of piercing (melded)
Missiles
 E - 3 throwing nets {=f}
 I - 997 poisoned tomahawks (quivered)
Armour
 i - a +0 cloak of poison resistance
 r - a cursed +2 cloak (worn)
 t - a cursed +1 pair of boots (melded)
 u - a cursed +1 helmet (melded)
 C - the cursed +3 leather armour "Qieso" (melded) {rC+}
   (You bought it in a shop on level 7 of the Dungeon)

   It protects you from cold.
   It has a curse placed upon it.
 D - a cursed +2 pair of gloves of dexterity (melded)
Jewellery
 a - the ring of Bodily Harmony (left front paw) {Ice Slay+2}
   (You bought it in a shop in the Orcish Mines)

   [ring of ice]

   It enhances your ice magic.
   It affects your accuracy and damage with ranged weapons and melee attacks
   (+2).
   It makes you vulnerable to fire.
   It protects you from cold.
 o - the cursed amulet of Vision (around neck) {SInv *Curse}
   (You found it on level 2 of the Dungeon)

   [amulet of nothing]

   It lets you see invisible.
   It curses itself when equipped.
   It has a curse placed upon it.
 N - the cursed ring "Fommit" (right front paw) {rElec Dex+5}
   (You found it in an ice cave)

   [ring of insulation]

   It affects your dexterity (+5).
   It insulates you from electricity.
   It has a curse placed upon it.
Wands
 c - a wand of iceblast (12)
 k - a wand of random effects (8)
 m - a wand of polymorph (26)
 A - a wand of disintegration (6)
 L - a wand of charming (6)
 X - a wand of clouds (6)
 Z - a wand of flame (65)
Scrolls
 f - 2 scrolls of vulnerability
 p - 10 scrolls of teleportation
 s - 8 scrolls of remove curse
 B - 3 scrolls of blinking
 K - 2 scrolls of summoning
 M - 6 scrolls of fog
 V - 2 scrolls of immolation
 Y - a scroll of magic mapping
Potions
 d - 6 potions of curing
 h - 3 potions of flight
 j - a potion of ambrosia
 q - 3 potions of invisibility
 v - 4 potions of cancellation
 w - 2 potions of lignification
 x - 3 potions of heal wounds
 z - 5 potions of might
 G - 3 potions of haste
 J - 2 potions of agility
 O - 2 potions of magic {unknown}
 P - 2 potions of berserk rage {unknown}
 R - 2 potions of mutation
 S - 3 potions of brilliance {unknown}
 T - a potion of resistance {unknown}
Miscellaneous
 F - a fan of gales (2/2)
 U - 2 phantom mirrors
 W - a lamp of fire
Comestibles
 b - 2 chunks of flesh
 e - 44 rations {!d}


   Skills:
 * Level 13.2 Fighting
 + Level 10.1(14.5) Polearms
 + Level 1.7 Armour
 + Level 17.1(21.2) Dodging
 - Level 8.8(13.6) Stealth
 + Level 17.3 Unarmed Combat
 + Level 9.3 Spellcasting
 + Level 2.6(5.7) Conjurations
 + Level 0.1(0.6) Hexes
 + Level 3.0(6.0) Charms
 + Level 4.4(7.9) Summonings
 + Level 1.1(3.0) Transmutations
 * Level 10.9(14.1) Ice Magic


You had 3 spell levels left.
You knew the following spells:

 Your Spells              Type           Power        Failure   Level  Hunger
a - Freeze                Ice            ######       1%          1    None
b - Throw Frost           Conj/Ice       ######       1%          2    None
c - Ozocubu's Armour      Chrm/Ice       ######..     1%          3    None
d - Throw Icicle          Conj/Ice       ######..     3%          4    ##.....
e - Ice Form              Ice/Tmut       ######..     4%          4    ##.....
f - Summon Ice Beast      Ice/Summ       ######..     2%          4    ##.....
g - Freezing Cloud        Ice/Air        ######....   67%         6    ######.
h - Corona                Hex            ##.....      12%         1    None
i - Ozocubu's Refrigerat  Ice            #######...   8%          6    ######.

Your spell library contained the following spells:

 Spells                   Type           Power        Failure   Level  Hunger
 Magic Dart               Conj           ####         1%          1    None
 Searing Ray              Conj           ####....     2%          2    None
 Beastly Appendage        Tmut           ###...       4%          1    None
 Flame Tongue             Conj/Fire      ###..        4%          1    None
 Iskenderun's Mystic Bla  Conj           ####....     4%          3    None
 Flaming Arrows           Chrm/Fire      ###.....     6%          2    None
 Sticks to Snakes         Tmut           ###.....     7%          2    None
 False Image              Hex/Summ       ####....     8%          3    None
 Passwall                 Tmut/Erth      ###.....     11%         2    None
 Necrotize                Necr           ##....       12%         1    None
 Conjure Flame            Conj/Fire      ###.....     12%         3    None
 Poisonous Vapours        Pois/Air       ##....       17%         2    None
 Shackle                  Hex            ##......     17%         2    None
 Mephitic Cloud           Conj/Pois/Air  ###.....     17%         3    None
 Spider Form              Tmut/Pois      ###          21%         3    None
 Inner Flame              Hex/Fire       N/A          30%         3    None
 Vampiric Draining        Necr           ##........   32%         3    None
 Metabolic Englaciation   Hex/Ice        ######....   19%         5    ####...
 Fulminant Prism          Conj/Hex       ###.......   34%         4    ##.....
 Bolt of Cold             Conj/Ice       ######....   34%         6    ######.
 Yara's Violent Unravell  Hex/Tmut       ###.......   50%         4    ##.....
 Irradiate                Conj/Tmut      ####......   50%         5    ####...
 Cause Fear               Hex            ##........   67%         4    ##.....
 Simulacrum               Ice/Necr       ######..     67%         6    ######.
 Agony                    Necr           ##......     69%         4    ##.....
 Animate Dead             Necr           N/A          69%         4    ##.....
 Blade Hands              Tmut           ###.......   69%         5    ####...
 Dispel Undead            Necr           ##......     95%         5    ####...
 Conjure Ball Lightning   Conj/Air       ###.......   99%         6    ######.
 Steam Barrier            Chrm/Fire      ###.......   99%         6    ######.
 Chain Lightning          Conj/Air       ###.......   100%        8    #######


Dungeon Overview and Level Annotations

Branches:
Dungeon (12/12)            Temple (0/1) D:4            Lair (6/6) D:8
  Swamp (0/3) Lair:3       Shoals (0/3) Lair:3        Slime (0/5) Lair:6
    Orc (1/1) D:10            Elf (1/3) Orc          Vaults (0/3) D:11
 Depths (0/5) D:12
  Snake: Lair:2-4    Spider: Lair:2-4

Altars:
Ashenzari
Fedhas
Gozag
Makhleb
Ru
Sif Muna
Vehumet
Xom
Yredelemnul
Zin
Jiyva

Shops:
D:7 [   D:8 (   D:11 !   Orc *::=

Portals:
Hell: Lair:6

Annotations:
Elf:1 1 runed translucent door


Innate Abilities, Weirdness & Mutations

((You revert to your normal form in water.))
((You are very nimble and swift while swimming.))
((You are very stealthy in the water. (Stealth+)))
((Your flesh is cold resistant. (rC+)))
Your spells are a little harder to cast, but a little more powerful.
You expend magic power (3 MP) to strengthen your wands.


Message History

You feel a surge of power!
Your icy body feels more resilient.
Your ice beast hits the crystal guardian but does no damage. x2
The crystal guardian closely misses you.
You hit the crystal guardian but do no damage.
Your ice beast hits the crystal guardian but does no damage. x2
The crystal guardian fires a crystalline bolt at you.
Your icy armour melts away.
The fire burns you terribly! The crystal bolt burns you!!
* * * LOW HITPOINT WARNING * * *
The crystal bolt misses you.
The crystal bolt burns the crystal guardian.
The crystal guardian completely resists.
You pummel the crystal guardian!!
The crystal guardian is heavily damaged.
You punch the crystal guardian!
The crystal guardian is severely damaged.
Your ice beast hits the crystal guardian but does no damage. x2
The crystal guardian fires a crystalline bolt at you.
The fire burns you terribly! The crystal bolt burns you!!!
You die...

,§..§§§.§...#...§§§§§.§##,,,,,,,,
,,§§§§§§...##§§§§§§§.§§##,,,,,,,,
,,,,§.§.....§§§§....§§§##,,,,,,,,
,,,,,§.§.§...........§§##,,,,,,,,
,,,,,.§§..............§##,,,,,,,,
,,,,,,§§§§.............##,,,,,,,,
,,,,,,,,,§.............##,,,,,,,,
,,,,,,,,,...8...Y9Y....##,,,,,,,,
,,,,,,,,,§......Y8.....##,,,,,,,,
,,,,,,,,,§§§####.).....##,,,,,,,,
,,,,,,,,,#.#*∆,#..8....##,,,,,,,,
,,,,,,,,,),,*,,.#......##,,,,,,,,
,,,,,,,,,,,,**[.#....#.##,,,,,,,,
,,,,,,,,,8∆**∆=#.....#.##,,,,,,,,
,,,,,,,,,,,∆*##*......,##,,,,,,,,
,,,,,,,,,,8,,,,,,8.....,,,,,,,,,,
,,,,,,*,,,,,8,,,,,,,,,,,,,,,,,,,,


You could see a crystal guardian and 2 friendly ice beasts.

Vanquished Creatures
  Saint Roka (Orc)
  Frances (D:10)
  A frost giant (IceCv)
  2 imperial myrmidons (Desolation)
  A dire elephant (Lair:6)
  Snorg (D:10)
  A ragged hierophant (Desolation)
  Azrael (D:11)
  A deep elf high priest (Elf:1)
  A servant of whispers (Desolation)
  A yaktaur captain (D:12)
  3 peacekeepers (Desolation)
  A rakshasa (D:12)
  Harold (D:10)
  6 hydras
  A catoblepas (D:12)
  7 two-headed ogres
  2 dancing weapons (Elf:1)
  2 tengu warriors (D:11)
  5 orc high priests
  A sun demon (Lair:6)
  Nergalle (D:11)
  17 death yaks
  A deep elf knight (Orc)
  4 skeletal warriors (D:12)
  4 centaur warriors
  A fire crab (shapeshifter) (D:12)
  An unseen horror (D:11)
  2 wizards
  A glowing orange brain (D:12)
  6 wolf spider zombies
  3 cyclopes
  A deep elf archer (Elf:1)
  6 orc knights
  A necromancer (D:11)
  A wolf spider (D:11)
  6 orc sorcerers
  A manticore (D:12)
  2 oklob plants
  3 ugly things
  12 deep elf magi
  An ice statue (IceCv)
  8 elephants
  A guardian serpent (Desolation)
  A torpor snail (Lair:3)
  7 black mambas
  10 cane toads
  A gargoyle (D:12)
  A jumping spider (shapeshifter) (D:12)
  An ice devil (Lair:6)
  An orange demon (Lair:6)
  6 rime drakes
  6 komodo dragons
  A red devil (Lair:6)
  2 tengu conjurers (D:11)
  An efreet (D:12)
  3 meliai
  15 polar bears
  Grinder (D:3)
  A harpy skeleton (D:12)
  The ghost of Darthill6464 the Chopper, an amateur DsCK of Xom (D:4)
  Maurice (D:10)
  18 trolls
  A wind drake (shapeshifter) (D:12)
  2 merfolk (Lair:3)
  3 hippogriffs
  A tyrant leech (Lair:3)
  9 blink frogs
  A hippogriff (shapeshifter) (D:12)
  18 saltlings (Desolation)
  A raiju (shapeshifter) (D:12)
  8 slime creatures
  A shadow (D:12)
  2 vampires
  59 yaks
  4 wyverns
  2 fire elementals
  3 basilisks
  2 hungry ghosts (D:8)
  5 wargs
  A swamp worm (Lair:3)
  11 crocodiles
  4 hell hounds
  An acid dragon (D:11)
  4 porcupines
  6 water moccasins
  Duvessa (D:6)
  2 phantoms
  4 sky beasts
  3 ice beasts
  A hornet zombie (D:11)
  36 orc warriors
  20 ogres
  A black bear (D:10)
  37 wolves
  A necrophage (D:10)
  9 kobold brigands
  9 bullfrogs
  4 gnoll sergeants (D:10)
  6 centaurs
  Dowan (D:6)
  3 scorpions (D:5)
  10 wights
  9 killer bees
  4 electric eels
  4 howler monkeys
  23 orc priests
  3 crimson imps (D:5)
  3 quasits (D:4)
  A bullfrog zombie (D:6)
  4 jellies (D:10)
  A bullfrog skeleton (D:9)
  4 hounds
  5 iguanas
  8 worker ants
  13 orc wizards
  10 adders
  3 gnolls
  A howler monkey skeleton (D:8)
  A shadow imp (D:5)
  3 adder skeletons
  2 worms
  2 dart slugs
  3 leopard geckos
  100 orcs
  3 bats
  4 giant cockroaches
  5 goblins
  6 hobgoblins
  17 jackals
  A quokka (D:4)
  A ball python (D:3)
  2 frilled lizards (D:1)
  17 kobolds
  A quokka zombie (D:5)
  3 rats
  3 fungi
770 creatures vanquished.

Vanquished Creatures (collateral kills)
  2 hydras
  3 death yaks
  An elephant (Lair:5)
  An orange demon (Lair:6)
  A smoke demon (Lair:6)
  2 red devils (Lair:6)
  A troll (Orc)
  A blink frog (Lair:6)
  3 slime creatures (D:9)
  A hippogriff (D:10)
  A yak (Lair:6)
  A warg (Orc)
  A hell hound (Lair:6)
  An orc warrior (Orc)
  A wolf (Lair:6)
  2 orc priests (Orc)
  An orc (Orc)
24 creatures vanquished.

Vanquished Creatures (others)
  A polar bear (IceCv)
  4 yaks (IceCv)
  An orc priest (Orc)
  8 plants
14 creatures vanquished.

Grand Total: 808 creatures vanquished

Notes
Turn   | Place    | Note
-------+----------+-------------------------------------------
     0 | D:1      | Turbognida the Merfolk Ice Elementalist began the quest for
                  | the Orb.
     0 | D:1      | Reached XP level 1. HP: 13/13 MP: 3/3
   241 | D:1      | Reached XP level 2. HP: 9/19 MP: 1/5
   412 | D:1      | Learned a level 2 spell: Throw Frost
  1306 | D:2      | Reached XP level 3. HP: 25/25 MP: 3/6
  1593 | D:2      | Found a shattered altar of Ashenzari.
  1633 | D:3      | Found a faded altar of an unknown god.
  1703 | D:3      | Reached skill level 1 in Fighting
  1894 | D:3      | Noticed Grinder
  2061 | D:2      | Learned a level 3 spell: Ozocubu's Armour
  2260 | D:2      | Reached skill level 1 in Polearms
  2260 | D:2      | Reached XP level 4. HP: 32/32 MP: 0/8
  2392 | D:2      | Became a worshipper of Ashenzari the Shackled
  2393 | D:2      | Found the cursed amulet of Vision {SInv *Curse}
  2712 | D:3      | Paralysed by Grinder for 4 turns
  2727 | D:3      | Gained mutation: You are agile. (Dex +2) [potion of
                  | mutation]
  2727 | D:3      | Gained mutation: You are robust. (+10% HP) [potion of
                  | mutation]
  2727 | D:3      | Gained mutation: You passively map a small area around you.
                  | [potion of mutation]
  2823 | D:4      | Found a staircase to the Ecumenical Temple.
  2868 | D:4      | Found a burning altar of Makhleb.
  3015 | D:4      | Reached skill level 1 in Conjurations
  3015 | D:4      | Reached XP level 5. HP: 40/40 MP: 3/9
  3116 | D:4      | Noticed a sky beast
  3223 | D:4      | Found a transporter.
  3227 | D:4      | Noticed Darthill6464's ghost (amateur DsCK)
  3406 | D:3      | Paralysed by Grinder for 2 turns
  3572 | D:4      | Learned a level 4 spell: Throw Icicle
  3624 | D:4      | Killed a sky beast
  3625 | D:4      | Reached XP level 6. HP: 47/47 MP: 0/11
  3789 | D:4      | Found a transporter.
  3888 | D:5      | Entered Level 5 of the Dungeon
  3893 | D:5      | Noticed an ice beast
  3917 | D:4      | Reached skill level 5 in Ice Magic
  3980 | D:5      | Reached skill level 1 in Charms
  3980 | D:5      | Reached XP level 7. HP: 32/52 MP: 10/13
  4092 | D:5      | Reached * piety under Ashenzari
  4737 | D:5      | Reached XP level 8. HP: 53/61 MP: 12/14
  5198 | D:5      | Reached skill level 5 in Polearms
  5399 | D:6      | Reached skill level 5 in Spellcasting
  5615 | D:3      | Paralysed by Grinder for 2 turns
  5653 | D:3      | Killed Grinder
  6222 | D:6      | Reached ** piety under Ashenzari
  6289 | D:6      | Noticed Duvessa
  6289 | D:6      | Noticed Dowan
  6367 | D:7      | Noticed a troll
  6371 | D:7      | Killed a troll
  6372 | D:7      | Reached XP level 9. HP: 57/69 MP: 9/17
  6932 | D:7      | Found Nuck's Antique Armour Shoppe.
  6940 | D:7      | Bought an ichor-stained leather armour for 196 gold pieces
  6940 | D:7      | Identified the +3 leather armour "Qieso" {rC+} (You bought
                  | it in a shop on level 7 of the Dungeon)
  6952 | D:7      | Bought a pair of runed gloves for 210 gold pieces
  7102 | D:7      | Reached skill level 5 in Dodging
  7568 | D:6      | Killed Dowan
  7639 | D:6      | Killed Duvessa
  8160 | D:4      | Killed Darthill6464's ghost
  8273 | D:8      | Noticed a centaur warrior
  8276 | D:8      | Noticed a death yak
  8326 | D:8      | Noticed a troll
  8355 | D:8      | Killed a troll
  8356 | D:8      | Reached XP level 10. HP: 77/77 MP: 16/20
  8499 | D:8      | Reached skill level 1 in Armour
  8625 | D:8      | Identified the amulet "Jacvu" {Rage rElec rN+ MR+ Dex-5}
  8643 | D:8      | Found Qore's Antique Weapon Shoppe.
  8761 | D:8      | Noticed a death yak
  8828 | D:6      | Killed a death yak
  8834 | D:6      | Learned a level 4 spell: Ice Form
  8839 | D:6      | Learned a level 4 spell: Summon Ice Beast
  9011 | D:8      | Found a staircase to the Lair.
  9011 | D:8      | Noticed a death yak
  9074 | D:8      | Killed a centaur warrior
  9075 | D:8      | Reached skill level 1 in Unarmed Combat
  9117 | D:8      | Killed a death yak
  9118 | D:8      | Reached XP level 11. HP: 37/85 MP: 20/22
  9124 | D:8      | Killed a death yak
  9125 | D:8      | Reached skill level 5 in Fighting
  9357 | D:8      | Found a shimmering blue altar of Sif Muna.
  9471 | D:8      | Reached skill level 5 in Unarmed Combat
  9686 | D:8      | Noticed an orc knight
  9699 | D:8      | Killed an orc knight
  9895 | Lair:1   | Entered Level 1 of the Lair of Beasts
 10073 | Lair:1   | Reached skill level 5 in Stealth
 10132 | Lair:1   | Reached *** piety under Ashenzari
 10977 | Lair:2   | Identified the cursed +3 dagger of Qaff {antimagic, rElec
                  | rN+}
 11173 | Lair:2   | Reached **** piety under Ashenzari
 11210 | Lair:2   | Reached XP level 12. HP: 97/97 MP: 24/24
 12451 | Lair:3   | Found a staircase to the Swamp.
 12576 | Lair:3   | Found a staircase to the Shoals.
 12639 | Lair:3   | Found a blossoming altar of Fedhas.
 12789 | Lair:4   | Reached skill level 10 in Dodging
 12827 | Lair:4   | Found a gate leading to a gauntlet.
 12889 | Lair:4   | Found a frozen archway.
 12935 | IceCv    | Entered an ice cave
 13243 | IceCv    | Reached skill level 10 in Unarmed Combat
 13395 | IceCv    | Reached XP level 13. HP: 108/108 MP: 25/25
 13652 | IceCv    | Noticed a frost giant
 13761 | IceCv    | Killed a frost giant
 13779 | IceCv    | Identified the ring "Fommit" {rElec Dex+5}
 13779 | IceCv    | Identified the ring of Qeadysix {Ice Dex+3}
 14108 | Lair:4   | Identified the +8 rapier "Trog's Hatred" {holy, rPois
                  | Str+6}
 15308 | Lair:5   | Reached skill level 1 in Summonings
 15788 | Lair:4   | Reached XP level 14. HP: 71/119 MP: 14/26
 15791 | Lair:4   | Reached skill level 10 in Fighting
 15826 | Lair:5   | Reached skill level 10 in Ice Magic
 16048 | Lair:5   | Learned a level 6 spell: Freezing Cloud
 16299 | Lair:6   | Entered Level 6 of the Lair of Beasts
 16586 | Lair:6   | Found a viscous altar of Jiyva.
 16587 | Lair:6   | Found a staircase to the Slime Pits.
 16701 | Lair:6   | Reached ***** piety under Ashenzari
 17548 | Lair:6   | Noticed a dire elephant
 17570 | Lair:6   | Killed a dire elephant
 17693 | Lair:6   | Found a large runed door.
 17693 | Lair:6   | Found a large runed door.
 17900 | Lair:6   | Found a burning altar of Makhleb.
 18006 | Lair:6   | Reached skill level 10 in Polearms
 18081 | Lair:6   | Found a gateway to Hell.
 18339 | D:9      | Reached XP level 15. HP: 129/129 MP: 28/28
 18526 | D:9      | Found a glowing silver altar of Zin.
 18609 | D:9      | Found an opulent altar of Gozag.
 18739 | D:9      | Found a basalt altar of Yredelemnul.
 18739 | D:9      | Found a shimmering altar of Xom.
 18739 | D:9      | Found a radiant altar of Vehumet.
 18740 | D:9      | Found a sacrificial altar of Ru.
 19006 | D:10     | Entered Level 10 of the Dungeon
 19252 | D:10     | Noticed Maurice
 19284 | D:10     | Killed Maurice
 19297 | D:10     | Noticed Frances
 19448 | D:10     | Killed Frances
 19449 | D:10     | Reached skill level 1 in Transmutations
 19641 | D:10     | Noticed Harold
 19655 | D:10     | Killed Harold
 19659 | D:10     | Noticed Snorg
 19668 | D:10     | Killed Snorg
 19669 | D:10     | Reached skill level 15 in Dodging
 19803 | D:10     | Found a viscous altar of Jiyva.
 19845 | D:10     | Found a staircase to the Orcish Mines.
 19985 | D:10     | Identified the +6 scale mail "Mayh" {rPois}
 20003 | D:10     | Lost mutation: You are robust. (+10% HP) [potion of
                  | mutation]
 20003 | D:10     | Lost mutation: You passively map a small area around you.
                  | [potion of mutation]
 20003 | D:10     | Lost mutation: You are agile. (Dex +2) [potion of mutation]
 20003 | D:10     | Gained mutation: You are weak. (Str -2) [potion of
                  | mutation]
 20003 | D:10     | Gained mutation: You can translocate small distances at
                  | will. [potion of mutation]
 20004 | D:10     | Lost mutation: You can translocate small distances at will.
                  | [potion of mutation]
 20004 | D:10     | Lost mutation: You are weak. (Str -2) [potion of mutation]
 20004 | D:10     | Gained mutation: You evolve. [potion of mutation]
 20004 | D:10     | Gained mutation: You are occasionally teleported next to
                  | monsters. [potion of mutation]
 20004 | D:10     | Gained mutation: You rapidly evolve. [potion of mutation]
 20005 | D:10     | Lost mutation: You rapidly evolve. [potion of mutation]
 20005 | D:10     | Lost mutation: You are occasionally teleported next to
                  | monsters. [potion of mutation]
 20005 | D:10     | Lost mutation: You evolve. [potion of mutation]
 20005 | D:10     | Gained mutation: You expend magic power (3 MP) to
                  | strengthen your wands. [potion of mutation]
 20005 | D:10     | Gained mutation: Your spells are a little harder to cast,
                  | but a little more powerful. [potion of mutation]
 20005 | D:10     | Gained mutation: Your flesh is cold resistant. (rC+)
                  | [potion of mutation]
 20140 | D:11     | Found Puxkumit's Distillery.
 20359 | D:11     | Noticed Nergalle
 20367 | D:11     | Killed Nergalle
 20436 | D:11     | Found a gate to the Vaults.
 21061 | D:12     | Entered Level 12 of the Dungeon
 21142 | D:12     | Reached skill level 15 in Unarmed Combat
 21365 | D:12     | Found a staircase to the Depths.
 21587 | D:12     | Reached XP level 16. HP: 125/127 MP: 29/29
 21994 | D:12     | Noticed Azrael
 22123 | D:11     | Killed Azrael
 22761 | D:12     | Learned a level 1 spell: Corona
 22838 | Orc      | Entered the Orcish Mines
 23353 | Orc      | Found a staircase to the Elven Halls.
 23600 | Orc      | Found Rerr's General Store.
 23629 | Orc      | Bought a potion of mutation for 112 gold pieces
 23700 | Orc      | Found a roughly hewn altar of Beogh.
 23700 | Orc      | Noticed Saint Roka
 23805 | Orc      | Killed Saint Roka
 24227 | Orc      | Found a roughly hewn altar of Beogh.
 24340 | Orc      | Found Orghas's Book Boutique.
 24362 | Orc      | Found Rerurr's Jewellery Shop.
 24476 | Orc      | Found Ussea's Book Boutique.
 24619 | Orc      | Bought the ring of Bodily Harmony {Ice Slay+2} for 531 gold
                  | pieces
 24668 | Orc      | Bought a book of Ice for 715 gold pieces
 24734 | Orc      | Learned a level 6 spell: Ozocubu's Refrigeration
 24791 | Elf:1    | Entered Level 1 of the Elven Halls
 25334 | Elf:1    | Found a runed translucent door.
 25351 | Elf:1    | Found a crumbling gateway.
 25363 | Desolati | Entered the Desolation of Salt
 25481 | Desolati | Reached XP level 17. HP: 118/136 MP: 30/30
 25493 | Desolati | Identified the +5 shortbow "Xaosutia" {velocity, *Contam
                  | MP+9 Dex+3}
 25520 | Desolati | Identified the Incunabulum of Feathery Fire
 25587 | Desolati | Identified the cursed +1 great sword of Welfare {speed,
                  | rPois rF+ rN+}
 25723 | Desolati | Killed from afar by a crystal guardian

Skill      XL: |  1  2  3  4  5  6  7  8  9 10 11 12 13 14 15 16 17 |
---------------+----------------------------------------------------+-----
Fighting       | 1 3 4 6 8 9 11 13 | 13.2
Ice Magic      | 4 5 6 7 8 9 10 | 10.9
Polearms       | 1 2 3 4 6 7 9 10 | 10.1
Dodging        | 3 4 5 7 9 10 12 14 15 16 17 | 17.1
Spellcasting   | 3 4 5 7 8 9 |  9.3
Conjurations   | 1 2 |  2.6
Charms         | 1 2 3 |  3.0
Stealth        | 3 4 5 6 7 8 |  8.8
Armour         | 1 |  1.7
Unarmed Combat | 3 7 10 12 13 15 17 | 17.3
Summonings     | 1 2 3 4 |  4.4
Transmutations | 1 |  1.1
Hexes          | |  0.1

Action                   |  1- 3 |  4- 6 |  7- 9 | 10-12 | 13-15 | 16-18 || total
-------------------------+-------+-------+-------+-------+-------+-------++-------
Melee: Unarmed           |    36 |       |       |   594 |   967 |   583 ||  2180
       Spear             |    37 |    76 |   428 |    85 |   171 |       ||   797
       Punch             |       |     1 |       |       |    25 |       ||    26
 Cast: Freeze            |    40 |    16 |    55 |    19 |    11 |       ||   141
       Throw Frost       |    35 |    43 |    57 |     4 |     1 |       ||   140
       Ozocubu's Armour  |       |     2 |    13 |     4 |     5 |     1 ||    25
       Ice Form          |       |       |       |     2 |     1 |       ||     3
       Summon Ice Beast  |       |       |       |       |    46 |    14 ||    60
       Throw Icicle      |       |       |       |       |     6 |     3 ||     9
       Freezing Cloud    |       |       |       |       |       |     1 ||     1
       Corona            |       |       |       |       |       |     1 ||     1
Invok: Curse Item        |       |     6 |     3 |       |     2 |     2 ||    13
 Abil: End Transformatio |       |       |       |       |     1 |       ||     1
  Use: Scroll            |     3 |     3 |     8 |     3 |    16 |     7 ||    40
       Potion            |       |     4 |       |       |     3 |       ||     7
 Stab: Sleeping          |     1 |     2 |     8 |    10 |    24 |    21 ||    66
       Distracted        |       |       |       |     2 |     6 |     5 ||    13
  Eat: Chunk             |    10 |     9 |    17 |    28 |    36 |    16 ||   116
       Ration            |       |       |     2 |     1 |     3 |     2 ||     8
Armor: Robe              |    27 |    18 |    38 |       |       |       ||    83
       Leather armour    |       |       |    30 |     6 |    15 |       ||    51
       Skin              |       |       |       |    73 |   132 |    63 ||   268
Dodge: Dodged            |   106 |    93 |   397 |   825 |  1420 |   701 ||  3542
